 Dungeon Crawl Stone Soup version 0.28.0-53-g5a82cb258f (webtiles) character file.

Game seed: 5753621052195918976

7345 RevDB the Protected (level 10, -20/93 HPs)
             Began as a Minotaur Fighter on June 28, 2022.
             Was a Believer of the Shining One.
             Demolished by an orc knight
             ... wielding a +0 trident
              (31 damage)
             ... in a bailey on June 29, 2022.
             The game lasted 02:18:42 (7639 turns).

RevDB the Protected (Minotaur Fighter)              Turns: 7639, Time: 02:18:42

Health: -20/93     AC: 11    Str: 24    XL:     10   Next: 91%
Magic:  9/12       EV: 16    Int:  5    God:    the Shining One [**....]
Gold:   648        SH:  8    Dex: 11    Spells: 9/9 levels left

rFire   + . .      SeeInvis .   a - +5 battleaxe (flame)
rCold   . . .      Faith    .   (shield currently unavailable)
rNeg    + . .      Spirit   .   u - +1 ring mail of Gestures {rPois rF+}
rPois   +          Reflect  .   (helmet restricted)
rElec   .          Harm     .   v - +0 cloak
rCorr   .          Rampage  .   m - +0 pair of gloves
Will    .....                   (no boots)
Stlth   ..........              L - amulet of the acrobat
HPRegen 0.25/turn               i - +4 ring of evasion
MPRegen 0.13/turn               C - +4 ring of slaying

@: divinely shielded, glowing
A: horns 2, retaliatory headbutt
a: Renounce Religion, Divine Shield


You were in a bailey.
You worshipped the Shining One.
The Shining One was pleased with you.
You visited 2 branches of the dungeon, and saw 9 of its levels.
You also visited: Bailey.

You collected 648 gold pieces.

Inventory:

Hand Weapons
 a - a +5 battleaxe of flaming (weapon)
 b - a +0 hunting sling
 c - a +2 vorpal shortbow
 n - a +2 dagger of draining
 A - a +2 trident
 F - a +0 battleaxe
 G - a +2 hand axe of electrocution
 H - a +4 hand axe
 K - a +3 dagger
 N - the +9 spear of Foolhardiness {freeze, Drain Int+3 Stlth+}
   (You took it off an orc on level 8 of the Dungeon)

   It freezes those it strikes, dealing additional cold damage.
   It can also slow down cold-blooded creatures.
   Int:       It affects your intelligence (+3).
   Drain:     It drains your maximum health when unequipped.
   Stlth:     It makes you more stealthy.
Missiles
 f - 320 stones (quivered)
 h - 179 arrows
 q - 16 poisoned darts
 t - 6 curare-tipped darts
 M - a silver boomerang
Armour
 e - a +0 plate armour
 j - a +1 tower shield
 m - a +0 pair of gloves (worn)
 u - the +1 ring mail of Gestures (worn) {rPois rF+}
   (You found it on level 6 of the Dungeon)

   rF:        It protects you from fire.
   rPois:     It protects you from poison.
 v - a +0 cloak (worn)
Jewellery
 i - a +4 ring of evasion (left hand)
 p - a ring of flight
 x - a ring of wizardry
 y - a ring of flight
 C - a +4 ring of slaying (right hand)
 L - an amulet of the acrobat (around neck)
Wands
 k - a wand of flame (25)
 o - a wand of digging (3)
 B - a wand of polymorph (11)
 D - a wand of iceblast (7)
Scrolls
 l - 3 scrolls of teleportation
 r - a scroll of enchant armour
 s - a scroll of torment
 w - 3 scrolls of immolation
 I - a scroll of brand weapon
 O - a scroll of identify
Potions
 d - 7 potions of might
 g - a potion of ambrosia
 E - a potion of curing
 J - a potion of invisibility
 Q - 3 potions of mutation {unknown}
 R - a potion of cancellation {unknown}
 S - a potion of resistance
 T - a potion of magic {unknown}


   Skills:
 + Level 10.1 Fighting
 + Level 9.9 Axes
 + Level 5.4 Slings
 + Level 10.1 Armour
 - Level 5.2 Dodging
 - Level 7.8 Shields
 + Level 5.1 Invocations


You had 9 spell levels left.
You didn't know any spells.
Your spell library contained the following spells:

 Spells                   Type           Power      Damage    Failure   Level
 Corpse Rot               Necr/Air       0%         N/A       75%         2
 Ensorcelled Hibernation  Hex/Ice        0%         N/A       75%         2
 Passwall                 Tmut/Erth      0%         N/A       75%         2
 Poisonous Vapours        Pois/Air       0%         N/A       75%         2
 Portal Projectile        Hex/Tloc       0%         N/A       92%         3
 Swiftness                Air            0%         N/A       92%         3
 Blade Hands              Tmut           0%         N/A       100%        5
 Excruciating Wounds      Necr           0%         N/A       100%        5


Dungeon Overview and Level Annotations

Branches:
Dungeon (8/15)             Temple (1/1) D:4          Bailey (1/1)
   Lair: D:8-11

Altars:
Ashenzari
Cheibriados
Elyvilon
Fedhas
Gozag
Hepliaklqana
Kikubaaqudgha
Makhleb
Nemelex Xobeh
Okawaru
Sif Muna
Uskayaw
Vehumet
Wu Jian
Xom
Yredelemnul
Zin
The Shining One

Shops:
D:6 *   D:8 =


Innate Abilities, Weirdness & Mutations

You have a pair of horns on your head.
You reflexively headbutt those who attack you in melee.


Message History

The orc knight roars a battlecry!
The orc knight goes into a battle-frenzy!
The orc warrior completely misses you.
You see here a +0 trident.
The orc warrior no longer looks unusually strong.
There is an open door here.
The orc warrior no longer looks unusually strong.
The orc knight roars a battlecry!
The orc warrior goes into a battle-frenzy!
The orc knight roars a battlecry!
The orc knight no longer looks unusually strong.
There is an open door here.
Throw: 320 stones
Press: ? - help, Q - select action, (/) - cycle Shift-Dir - straight line, f - orc warrior, p - orc knight
Aim: an orc warrior, wielding a +0 trident and wearing a +0 chain mail (severely wounded, strong, 64% to hit)
Okay, then.
The orc warrior hits you from afar with a +0 trident.
The orc warrior completely misses you. You furiously retaliate!
You headbutt the orc warrior. The orc knight barely misses you.
There is an open door here.
You slash the orc warrior! You burn the orc warrior.
You headbutt the orc warrior!
You kill the orc warrior!
The orc knight completely misses you.
The orc knight no longer looks unusually strong.
The orc knight roars a battlecry!
The orc knight goes into a battle-frenzy!
The orc knight hits you from afar with a +0 halberd.
The orc knight hits you with a +0 trident!!!
* * * LOW HITPOINT WARNING * * *
The orc warrior completely misses you.
You slash the orc knight! You burn the orc knight.
The orc knight is moderately wounded.
The orc knight hits you but does no damage.
The orc warrior closely misses you.
The orc knight hits you from afar with a +0 halberd!
* * * LOW HITPOINT WARNING * * *
A divine shield forms around you!
The orc knight hits you with a +0 trident!!
You die...

############ #######
##.∩..)))...## ##.....####
#......#)....######..o....#..
#.....###....#...)#).##...'..
#∩...).8....@'o...').8....'..
#.....###...o#o...#).##...'..
#......#.....######...o...#..
##.∩........## ##.....####
############ #######


You could see 2 orc knights and an orc warrior (strong).

Vanquished Creatures
  A cyclops (D:6)
  Grinder (D:6)
  A water moccasin (D:6)
  4 orc warriors (Bailey)
  5 necrophages
  2 ogres
  A black bear (D:7)
  4 centaurs (D:5)
  2 kobold brigands (D:8)
  2 bullfrogs
  5 scorpions
  A wyvern skeleton (D:6)
  2 water moccasin skeletons
  5 wights
  3 hounds
  A centaur zombie (D:5)
  A gnoll shaman (D:2)
  An orc priest (D:7)
  2 bullfrog skeletons (D:6)
  4 iguanas
  A scorpion zombie (D:5)
  5 orc wizards
  A killer bee zombie (D:6)
  Robin (D:2)
  5 adders
  5 gnolls (D:2)
  A shadow imp (D:6)
  2 white imps
  An ufetubus (D:6)
  An adder skeleton (D:4)
  A dart slug (D:1)
  39 orcs
  4 bats
  5 endoplasms
  4 giant cockroaches
  16 goblins
  12 hobgoblins
  4 jackals (D:3)
  2 quokkas
  6 ball pythons
  5 frilled lizards
  15 kobolds
  5 rats
189 creatures vanquished.

Notes
Turn   | Place    | Note
-------+----------+-------------------------------------------
     0 | D:1      | RevDB the Minotaur Fighter began the quest for the Orb.
     0 | D:1      | Reached XP level 1. HP: 19/19 MP: 0/0
   210 | D:1      | Reached XP level 2. HP: 24/27 MP: 1/1
   418 | D:1      | Noticed a floating eye
   420 | D:1      | Found a faded altar of an unknown god.
   440 | D:1      | Noticed an eye of devastation
   451 | D:1      | Noticed a floating eye
   457 | D:1      | Noticed an eye of devastation
   749 | D:2      | Reached XP level 3. HP: 33/33 MP: 2/2
   831 | D:2      | Noticed Robin
   887 | D:2      | Killed Robin
  1151 | D:2      | Reached XP level 4. HP: 41/41 MP: 3/3
  1296 | D:2      | Reached XP level 5. HP: 29/47 MP: 4/4
  1903 | D:3      | Found a radiant altar of Vehumet.
  2045 | D:3      | Noticed an ogre
  2051 | D:3      | Killed an ogre
  2052 | D:3      | Reached skill level 5 in Fighting
  2052 | D:3      | Reached skill level 5 in Armour
  2052 | D:3      | Reached skill level 5 in Shields
  2052 | D:3      | Reached XP level 6. HP: 55/56 MP: 5/5
  2135 | D:3      | Found a broken altar of Ashenzari.
  2202 | D:4      | Found a staircase to the Ecumenical Temple.
  2208 | Temple   | Entered the Ecumenical Temple
  2213 | Temple   | Became a worshipper of Elyvilon the Healer
  2658 | Temple   | Fell from the grace of Elyvilon
  2658 | Temple   | Became a worshipper of the Shining One
  3137 | D:4      | HP: 2/56 [ogre/+0 giant spiked club (15)]
  3242 | D:4      | Reached skill level 1 in Slings
  3242 | D:4      | Reached skill level 1 in Invocations
  3399 | D:4      | Reached skill level 5 in Axes
  3399 | D:4      | Reached XP level 7. HP: 45/61 MP: 6/6
  4020 | D:5      | Entered Level 5 of the Dungeon
  4142 | D:5      | Reached * piety under the Shining One
  4188 | D:5      | Reached XP level 8. HP: 16/70 MP: 8/8
  5076 | D:6      | Noticed Grinder
  5088 | D:6      | Killed Grinder
  5605 | D:6      | Found Uvisat's Overcharged Wands.
  5605 | D:6      | Noticed a cyclops
  5617 | D:6      | Killed a cyclops
  5618 | D:6      | Reached XP level 9. HP: 64/79 MP: 8/11
  5696 | D:6      | Identified the +1 ring mail of Gestures {rPois rF+}
  6269 | D:7      | Reached ** piety under the Shining One
  7112 | D:8      | Reached skill level 5 in Slings
  7276 | D:8      | Found Yfogriza's Jewellery Shoppe.
  7386 | D:8      | Identified the +9 spear of Foolhardiness {freeze, Drain
                  | Int+3 Stlth+}
  7446 | D:8      | Found a flagged portal.
  7486 | Bailey   | Entered a bailey
  7516 | Bailey   | Reached skill level 5 in Invocations
  7600 | Bailey   | Reached skill level 10 in Fighting
  7600 | Bailey   | Reached skill level 10 in Armour
  7600 | Bailey   | Reached skill level 5 in Dodging
  7600 | Bailey   | Reached XP level 10. HP: 92/93 MP: 12/12
  7602 | Bailey   | Noticed an orc knight
  7602 | Bailey   | Noticed an orc knight
  7639 | Bailey   | Demolished by an orc knight

Illustrated notes

Levels and vault maps discovered:
D:1:      lemuel_arrival_room, layout_basic,
          hellmonk_ecumenical_altar_watching_god, minmay_unequal
D:2:      layout_loops_ring, uniq_robin
D:3:      layout_basic, marbit_many_paths, nicolae_vehumet_altar_sigil
D:4:      layout_loops_ring, minmay_temple_entry_mist, serial_co_window_serial,
          co_window_cross_1, co_window_cross_1, co_window_corner_a,
          co_window_paths_a, co_window_paths_a, co_window_paths_a,
          co_window_paths_a, co_window_cross_2, co_window_corner_ca,
          co_window_unsneaky_path_a, co_window_4corner_b, glass_columns_a,
          glass_columns_a, glass_columns_b, glass_columns_b, glass_columns_a,
          minmay_circle_x
D:5:      layout_basic, minmay_starry_boxes
D:6:      layout_basic, nicolae_shop_overcharged_wands, uniq_grinder
D:7:      layout_loops_corners, minmay_tree_intersection,
          minmay_misc_feat_alley, kennysheep_generic_room_2
D:8:      layout_basic, enter_bailey_2, minmay_shop_enchanted_jewellery
Temple:   nicolae_temple_elliptical
Bailey:   bailey_polearm_5, bailey

Skill      XL: |  1  2  3  4  5  6  7  8  9 |
---------------+----------------------------+-----
Shields        | 4 5 6 7 |  7.8
Fighting       | 4 5 6 7 10 | 10.1
Armour         | 4 5 6 7 10 | 10.1
Axes           | 3 4 5 6 9 |  9.9
Slings         | 1 2 4 5 |  5.4
Invocations    | 1 2 4 5 |  5.1
Dodging        | 5 |  5.2

Action                   |  1- 3 |  4- 6 |  7- 9 | 10-12 || total
-------------------------+-------+-------+-------+-------++-------
Melee: War axe           |   104 |   102 |    37 |       ||   243
       Headbutt          |     7 |    22 |    41 |     1 ||    71
       Hand axe          |       |       |    93 |       ||    93
       Unarmed           |       |       |     7 |       ||     7
       Battleaxe         |       |       |    50 |     2 ||    52
 Fire: Hunting sling     |       |    18 |    20 |       ||    38
Throw: Javelin           |       |       |     3 |     4 ||     7
Invok: Divine Shield     |       |       |     2 |     1 ||     3
Evoke: Wand              |       |       |     2 |       ||     2
  Use: Scroll            |     3 |     2 |     8 |       ||    13
       Potion            |     2 |       |     3 |       ||     5
Armor: Plate armour      |    55 |    56 |    75 |       ||   186
       Ring mail         |       |       |    16 |     3 ||    19
Dodge: Dodged            |    42 |    54 |   107 |     9 ||   212
Block: Buckler           |    15 |    17 |       |       ||    32
       Tower shield      |       |       |   124 |       ||   124
